 Dungeon Crawl Stone Soup version 0.27.0-65-ge2af304b15 (webtiles) character file.

Game seed: 14913389676961761795

2254 Descartes the Covert (level 9, -4/39 HPs)
             Began as a Spriggan Venom Mage on Aug 19, 2021.
             Was an Initiate of Dithmenos.
             Killed from afar by a white imp (12 damage)
             ... with a puff of frost
             ... on level 7 of the Dungeon.
             The game lasted 00:39:10 (14479 turns).

Descartes the Covert (Spriggan Venom Mage)         Turns: 14479, Time: 00:39:11

Health: -4/39      AC:  2    Str:  5    XL:     9   Next: 15%
Magic:  9/14       EV: 25    Int: 18    God:    Dithmenos [......]
Gold:   286        SH:  0    Dex: 16    Spells: 2/13 levels left

rFire    . . .     SeeInvis +   a - +0 hunting sling
rCold    . . .     Faith    .   (shield restricted)
rNeg     . . .     Spirit   .   g - +0 robe
rPois    .         Reflect  .   (helmet restricted)
rElec    .         Harm     .   (no cloak)
rCorr    .         Rampage  .   (gloves unavailable)
Will     +....                  (boots unavailable)
Stlth    ++++......             (no amulet)
HPRegen  0.13/turn              d - +4 ring of evasion
MPRegen  0.14/turn              (no ring)

@: very quick
A: very small, no large weapons, unfitting armour, see invisible, speed 3
a: Renounce Religion


You were on level 7 of the Dungeon.
You worshipped Dithmenos.
Dithmenos was noncommittal.
You visited 2 branches of the dungeon, and saw 8 of its levels.
You also visited: Sewer.

You collected 286 gold pieces.

Inventory:

Hand Weapons
 a - a +0 hunting sling (weapon)
 q - a +2 scimitar of draining
 s - a +4 dagger
Missiles
 e - 93 stones
 f - 2 curare-tipped darts
 p - 35 arrows
 r - 32 poisoned darts
 A - 10 boomerangs
 B - 9 sling bullets (quivered ammo)
 H - 19 bolts
Armour
 g - a +0 robe (worn)
Magical Staves
 b - a staff of poison
 C - a staff of air
Jewellery
 d - a +4 ring of evasion (left hand)
 v - a ring of flight
 D - an amulet of faith
Wands
 j - a wand of digging (1)
Scrolls
 h - a scroll of enchant weapon {unknown}
 k - 2 scrolls of amnesia {unknown}
 l - a scroll of holy word {unknown}
 n - a scroll of fear {unknown}
 o - 3 scrolls of identify
 u - a scroll of blinking {unknown}
 x - 3 scrolls of teleportation {unknown}
 y - a scroll of acquirement {unknown}
 E - a scroll of vulnerability {unknown}
 F - a scroll of torment {unknown}
 G - a scroll of enchant armour {unknown}
Potions
 c - a potion of curing
 i - a potion of flight {unknown}
 m - a potion of attraction {unknown}
 t - 5 potions of heal wounds
 w - a potion of haste {unknown}
 z - a potion of lignification


   Skills:
 + Level 4.1 Slings
 - Level 8.0 Dodging
 - Level 8.0 Stealth
 - Level 2.6 Spellcasting
 + Level 5.1 Translocations
 - Level 1.3 Transmutations
 - Level 8.0 Poison Magic
 + Level 2.1 Invocations
 + Level 2.7 Evocations


You had 2 spell levels left.
You knew the following spells:

 Your Spells              Type           Power      Damage    Failure   Level
a - Sting                 Tmut/Pois      76%        1d6       2%          1
b - Olgreb's Toxic Radia  Pois           31%        N/A       6%          4
c - Blink                 Tloc           N/A        N/A       3%          2
d - Sticky Flame          Conj/Fire      2%         2d3       86%         4

Your spell library contained the following spells:

 Spells                   Type           Power      Damage    Failure   Level
 Poisonous Vapours        Pois/Air       32%        N/A       4%          2
 Static Discharge         Conj/Air       2%         N/A       26%         2
 Lesser Beckoning         Tloc           10%        N/A       6%          3
 Mephitic Cloud           Conj/Pois/Air  12%        N/A       17%         3
 Manifold Assault         Tloc           20%        N/A       50%         5
 Dispel Undead            Necr           2%         3d7       86%         4
 Storm Form               Tmut/Air       2%         N/A       100%        7


Dungeon Overview and Level Annotations

Branches:
Dungeon (7/15)             Temple (1/1) D:4           Sewer (visited)

Altars:
Cheibriados
Dithmenos
Elyvilon
Fedhas
Gozag
Hepliaklqana
Makhleb
Nemelex Xobeh
Okawaru
Sif Muna
Trog
Vehumet
Wu Jian
Yredelemnul
Zin
The Shining One


Innate Abilities, Weirdness & Mutations

You are very small and have problems with some larger weapons.
You are too small for most types of armour.
You have supernaturally acute eyesight. (SInv)
You cover ground extremely quickly. (Speed+++)


Message History

The arrow hits you!
Casting: Sting (safe; 2% risk of failure)
Confirm with . or Enter, or press ? or * to list all spells.
The spell is quite dangerous to cast (6% risk of failure)!
Continue anyway?
You begin to radiate toxic energy.
The centaur is poisoned.
The centaur shoots an arrow.
The arrow closely misses you.
You can't go down here!
You shoot a sling bullet.
The sling bullet barely misses the centaur.
Your toxic aura wanes.
The centaur shoots an arrow.
The arrow hits you!
You shoot a sling bullet. The sling bullet hits the centaur.
The centaur is severely wounded.
The centaur shoots an arrow.
The arrow hits you!
* * * LOW HITPOINT WARNING * * *
The centaur shoots an arrow.
The arrow misses you.
A centaur is nearby!
Casting: Olgreb's Toxic Radiance (quite dangerous; 6% risk of failure)
Confirm with . or Enter, or press ? or * to list all spells.
Aiming: Sting (safe; 2% risk of failure)
Press: ? - help, Shift-Dir - straight line, f/p - centaur
Aim: a centaur, wielding a +0 shortbow and quivering arrows (severely wounded, poisoned, 84% to hit)
The sting hits the centaur.
The centaur looks even sicker.
The centaur is almost dead.
The centaur shoots an arrow.
The arrow closely misses you.
A white imp comes into view.
The centaur shoots an arrow.
The arrow completely misses you.
Casting: Sting (safe; 2% risk of failure)
Confirm with . or Enter, or press ? or * to list all spells.
Aiming: Sting (safe; 2% risk of failure)
Press: ? - help, Shift-Dir - straight line, f/p - centaur
Aim: a centaur, wielding a +0 shortbow and quivering arrows (almost dead, poisoned, 84% to hit)
The sting hits the centaur.
The centaur looks even sicker.
You kill the centaur!
Dithmenos accepts your kill.
The white imp shouts, "Scamper home, thou quaking toad-spotted bite-bait!"
Your Invocations skill increases to level 2!
The white imp gestures at you. The puff of frost hits you!
You die...

#. #.'........+ # #.
#.#♣.♣).♣.♣# ###.#.
# #.#♣......♣
....#.##.
#.#♣♣♣..♣♣♣ #
.(.5...#### #.#
#''###
#..#($......######.#
#..#.#
#......###)........#
#....#
#....5...#....####
####.#
#.##.###..@.#.#
#....# #. ##.#.#.#
#.#### #. #.#...#
#.# #. #.##..# #.##
#.
#.....).#####..####
#.
####..#............
#. ..########.####
## #.# #.#


You could see a white imp.

Vanquished Creatures
  Menkaure (D:4)
  2 water moccasins (D:6)
  An ice beast (D:6)
  An orc warrior (D:6)
  2 black bears (D:5)
  A centaur (D:7)
  6 kobold brigands (Sewer)
  A phantom (D:4)
  Blork the orc (D:4)
  2 scorpions
  2 water moccasin skeletons
  The ghost of elbjorno the Shield-Bearer, a weakling MiFi (D:3)
  A howler monkey (D:4)
  A gnoll shaman (D:5)
  A jelly (D:3)
  2 orc priests (D:6)
  A hound (D:5)
  Jessica (D:3)
  4 iguanas
  3 orc wizards
  Robin (D:2)
  7 gnolls
  4 adders
  3 ufetubi
  4 dart slugs
  7 worms
  10 orcs
  12 endoplasms
  6 giant cockroaches
  13 goblins
  10 hobgoblins
  7 jackals
  11 kobolds
  2 quokkas
  15 ball pythons
  2 bats (D:1)
  5 frilled lizards
  10 rats
164 creatures vanquished.

Notes
Turn   | Place    | Note
-------+----------+-------------------------------------------
     0 | D:1      | Descartes the Spriggan Venom Mage began the quest for the
                  | Orb.
     0 | D:1      | Reached XP level 1. HP: 9/9 MP: 5/5
   538 | D:1      | Reached XP level 2. HP: 13/13 MP: 3/6
   705 | D:1      | Found a faded altar of an unknown god.
  1673 | D:2      | Reached XP level 3. HP: 11/16 MP: 5/8
  1791 | D:2      | Reached skill level 5 in Stealth
  1881 | D:2      | Noticed Robin
  2698 | D:2      | Killed Robin
  3089 | D:2      | Reached XP level 4. HP: 21/21 MP: 6/9
  4087 | D:3      | Noticed Jessica
  4105 | D:3      | Killed Jessica
  4106 | D:3      | Reached XP level 5. HP: 14/24 MP: 2/10
  4110 | D:3      | Found a glowing drain.
  4171 | Sewer    | Entered a sewer
  4621 | Sewer    | Learned a level 4 spell: Olgreb's Toxic Radiance
  4624 | Sewer    | Learned a level 2 spell: Blink
  4640 | Sewer    | Reached skill level 5 in Poison Magic
  4640 | Sewer    | Reached XP level 6. HP: 20/28 MP: 4/11
  5457 | Sewer    | Reached XP level 7. HP: 32/32 MP: 6/12
  6576 | D:3      | Noticed elbjorno's ghost (weakling MiFi)
  6591 | D:3      | Found a runed translucent gate.
  6591 | D:3      | Found a runed translucent gate.
  6591 | D:3      | Found a runed translucent gate.
  7663 | D:3      | Killed elbjorno's ghost
  8056 | D:4      | Found a staircase to the Ecumenical Temple.
  8062 | Temple   | Entered the Ecumenical Temple
  8493 | Temple   | Became a worshipper of Dithmenos the Shadowed
  8616 | D:4      | Noticed Blork the orc
  8637 | D:4      | Killed Blork the orc
  8854 | D:4      | Noticed Menkaure
  8893 | D:4      | Killed Menkaure
  9287 | D:4      | Reached XP level 8. HP: 33/36 MP: 8/13
  9568 | D:4      | Reached skill level 5 in Dodging
 10493 | D:5      | Entered Level 5 of the Dungeon
 11532 | D:5      | Reached skill level 1 in Slings
 11532 | D:5      | Reached skill level 1 in Translocations
 11758 | D:5      | Found a sparkling altar of Nemelex Xobeh.
 11763 | D:5      | Found a radiant altar of Vehumet.
 11910 | D:5      | Found a burning altar of Makhleb.
 11956 | D:5      | Learned a level 4 spell: Sticky Flame
 12323 | D:6      | Found a hazy altar of Hepliaklqana.
 13511 | D:6      | Reached skill level 1 in Evocations
 13788 | D:6      | Reached skill level 1 in Invocations
 13928 | D:6      | Reached XP level 9. HP: 34/39 MP: 4/14
 14111 | D:6      | Reached skill level 5 in Translocations
 14479 | D:7      | Killed from afar by a white imp

Illustrated notes

Levels and vault maps discovered:
D:1:      onia_arrival_mini_maze_b, layout_loops_corners,
          ebering_ecumenical_altar_box, chequers_serial_rivers_micro_c,
          feat_on_display
D:2:      layout_basic, uniq_robin
D:3:      layout_loops_corners, gammafunk_ghost_split,
          cheibrodos_sewer_entry_bend, uniq_jessica
D:4:      layout_basic, minmay_temple_entry_overgrown, uniq_blork_the_orc,
          uniq_menkaure
D:5:      layout_basic, nicolae_overflow_hidden_temple
D:6:      layout_basic, lemuel_doored_altar
D:7:      layout_loops_ring, mainiacjoe_overflow_tiny_flanked,
          dancing_weapons_uskayaw, kennysheep_generic_room_5
Temple:   hc_temple_tempest_star

Skill      XL: |  1  2  3  4  5  6  7  8  9 |
---------------+----------------------------+-----
Stealth        | 4 5 7 8 |  8.0
Poison Magic   | 4 5 6 7 8 |  8.0
Dodging        | 4 8 |  8.0
Slings         | 3 4 |  4.1
Translocations | 4 5 |  5.1
Evocations     | 1 2 |  2.7
Invocations    | 1 2 |  2.1
Spellcasting   | |  2.6
Transmutations | |  1.3

Action                   |  1- 3 |  4- 6 |  7- 9 || total
-------------------------+-------+-------+-------++-------
Melee: Dagger            |       |       |     8 ||     8
 Fire: Hunting sling     |    41 |    38 |   386 ||   465
Throw: Throwing net      |       |       |     1 ||     1
 Cast: Sting             |    82 |   112 |   152 ||   346
       Olgreb's Toxic Ra |       |       |     4 ||     4
Evoke: Wand              |       |       |    22 ||    22
  Use: Scroll            |       |     1 |     2 ||     3
       Potion            |       |       |     2 ||     2
Armor: Robe              |     4 |       |     2 ||     6
Dodge: Dodged            |    30 |    34 |    70 ||   134
